AoeStats
← Sir Richard III

Golden Pit

508267857Analyzed
1v1 RM · 12d ago on Sep 21, 2026· 45m 31s· 2 players
Game mode
Random Map
Map size
Tiny (2 player)
Population
200
Speed
Normal
Resources
Standard
Victory
Conquest
Starting age
Dark Age
Ending age
Imperial Age
RankedLock teamsTeams togetherTeam positionsShared explorationLock speedFull tech treeHidden civsTurbo modeCheats
Victory
Defeat
🇫🇷 Teutons · France
569
+18
🇨🇭 Inca · Switzerland
604
-18
benji.reveur
12:10 Feudal Age
14:08 Man-at-Arms
15:30 Scale Mail Armor
19:10 Gold Mining
20:00 Double-Bit Axe
21:23 Forging
28:30 Castle Age
29:26 Long Swordsman
30:43 Wheelbarrow
30:24 Bow Saw
29:56 Horse Collar
30:56 Iron Casting
34:03 Heavy Plow
40:09 Arson
40:10 Gambesons
41:17 Hand Cart
40:49 Town Watch
40:50 Loom
42:54 Fletching
Sir Richard III
10:55 Feudal Age
12:27 Loom
13:53 Double-Bit Axe
21:44 Gold Mining
28:37 Castle Age
26:40 Horse Collar
27:50 Fletching
29:01 Crossbowman
32:47 Thumb Ring
38:39 Murder Holes
39:13 Scale Mail Armor
39:18 Stone Mining
42:33 Padded Archer Armor
Connection lost

Rejoining the realm…

Still unreachable

The connection could not be restored.

Session expired

The server has moved on; the page needs a fresh start.